 Dungeon Crawl Stone Soup version 0.21-a0-442-g848f44b (webtiles) character file.

865 tof the Slasher (level 7, -4/61 HPs)
             Began as a Minotaur Berserker on Nov 15, 2017.
             Was a Priest of Trog.
             Slain by a sky beast (5 damage)
             ... on level 6 of the Dungeon.
             The game lasted 00:06:16 (4314 turns).

tof the Slasher (Minotaur Berserker)                Turns: 4314, Time: 00:06:17

Health: -4/61      AC:  7    Str: 26    XL:     7   Next: 72%
Magic:  6/6        EV: 13    Int:  4    God:    Trog [***...]
Gold:   218        SH:  7    Dex: 12    Spells: 6/6 levels left

rFire    + . .     SeeInvis .   a - +0 falchion
rCold    . . .     Gourm    .   m - +1 buckler
rNeg     . . .     Faith    .   f - +3 leather armour {rF+}
rPois    .         Spirit   .   (helmet restricted)
rElec    .         Reflect  +   (no cloak)
rCorr    .         Harm     .   (no gloves)
MR       .....                  B - +0 pair of boots (curse)
Stlth    +.........             o - +2 amulet of reflection
HPRegen  0.20/turn              x - +5 ring of strength
MPRegen  0.10/turn              (no ring)

@: hasted, very quick
A: retaliatory headbutt, horns 2
a: Berserk, Trog's Hand, Burn Spellbooks, Renounce Religion


You were on level 6 of the Dungeon.
You worshipped Trog.
Trog was most pleased with you.
You were near starving.

You visited 1 branch of the dungeon, and saw 6 of its levels.

You collected 218 gold pieces.

Inventory:

Hand Weapons
 a - a +0 falchion (weapon)
Missiles
 k - 2 javelins
 u - 5 tomahawks (quivered)
Armour
 f - a +3 leather armour of fire resistance (worn)
 m - a +1 buckler (worn)
 B - a cursed +0 pair of boots (worn)
Jewellery
 o - a +2 amulet of reflection (around neck)
 x - a +5 ring of strength (left hand)
 A - a +2 ring of protection
Wands
 n - a wand of flame (28/48)
Scrolls
 e - 2 scrolls of enchant armour
 h - 3 scrolls of teleportation
 p - 2 scrolls of fog {unknown}
 q - 2 scrolls of identify {unknown}
 r - a scroll of amnesia {unknown}
 s - a scroll of blinking {unknown}
 w - a scroll of fear {unknown}
 y - a scroll of recharging {unknown}
 C - a scroll of holy word {unknown}
 D - a scroll of magic mapping {unknown}
Potions
 b - a potion of haste
 g - a potion of curing {unknown}
 j - a potion of lignification {unknown}
 l - a potion of cancellation {unknown}
 t - a potion of might {unknown}
 v - a potion of degeneration {unknown}
 z - a potion of heal wounds {unknown}
Comestibles
 c - 6 bread rations
 d - 7 fruits
 i - 3 meat rations


   Skills:
 + Level 5.5 Fighting
 * Level 7.2 Long Blades
 + Level 1.0 Throwing
 + Level 4.8 Armour
 + Level 4.4 Dodging
 + Level 3.5 Shields


You had 6 spell levels left.
You didn't know any spells.

Dungeon Overview and Level Annotations

Branches:
Dungeon (6/15)             Temple (0/1) D:5

Altars:
Ashenzari
Gozag
Makhleb
Qazlal
Ru
Trog
Uskayaw
Xom
Zin


Innate Abilities, Weirdness & Mutations

You reflexively headbutt those who attack you in melee.
You have a pair of horns on your head.


Message History

Something hits you.
* * * LOW HITPOINT WARNING * * *
Something shocks you.
* * * LOW HITPOINT WARNING * * *
You're too hungry.
You closely miss something. You block something's attack.
You miss something. Your headbutt misses something.
The worm bites you but does no damage.
You miss something. Your headbutt misses something.
Something hits you but does no damage.
You miss something. Your headbutt misses something.
Something barely misses you. The worm bites you.
* * * LOW HITPOINT WARNING * * *
You barely miss something. Something hits you but does no damage.
The worm bites you.
* * * LOW HITPOINT WARNING * * *
It was a potion of haste.
You feel yourself speed up. Something hits you.
* * * LOW HITPOINT WARNING * * *
Something shocks you.
You die...

... #.....
... #....>...
.. ##........
#. #.........
#.##.........
#...........
#...........
#.@.....$...
#<{w.....[..
#...........
#...........
##.#........
#.##.......
#.# #......
..# #.....
### ##..#


You could see a worm.

Vanquished Creatures
  Eustachio (D:4)
  An ogre (D:4)
  A scorpion (D:5)
  A howler monkey (D:5)
  A crimson imp (D:4)
  A hound (D:4)
  2 iguanas
  5 orc wizards
  3 worker ants (D:5)
  A howler monkey zombie (D:5)
  A worker ant zombie (D:5)
  A howler monkey skeleton (D:4)
  8 adders
  An ooze (D:2)
  An adder skeleton (D:4)
  5 worms
  2 dart slugs (D:1)
  A leopard gecko (D:2)
  14 orcs
  4 giant cockroaches
  5 goblins
  12 hobgoblins
  7 jackals
  A quokka (D:4)
  11 bats
  4 frilled lizards
  4 kobolds
  A quokka skeleton (D:4)
  4 rats
104 creatures vanquished.

Notes
Turn   | Place    | Note
-------+----------+-------------------------------------------
     0 | D:1      | tof the Minotaur Berserker began the quest for the Orb.
     0 | D:1      | Reached XP level 1. HP: 19/19 MP: 0/0
    65 | D:1      | Reached XP level 2. HP: 17/27 MP: 1/1
    67 | D:1      | Reached skill level 4 in Long Blades
   828 | D:2      | Found a faded altar of an unknown god.
   854 | D:2      | Reached XP level 3. HP: 31/33 MP: 2/2
   949 | D:2      | Reached ** piety under Trog
   974 | D:2      | Reached XP level 4. HP: 24/40 MP: 3/3
  1261 | D:2      | Noticed a balrug
  1262 | D:2      | Found a burning altar of Makhleb.
  1265 | D:2      | Found a glowing silver altar of Zin.
  1265 | D:2      | Noticed an angel
  1342 | D:3      | Reached skill level 1 in Shields
  1848 | D:3      | Reached skill level 5 in Long Blades
  1989 | D:3      | Reached XP level 5. HP: 28/47 MP: 4/4
  2541 | D:4      | Noticed an ogre
  2549 | D:4      | Killed an ogre
  2549 | D:4      | Reached XP level 6. HP: 53/53 MP: 5/5
  2742 | D:4      | Noticed Eustachio
  2755 | D:4      | Killed Eustachio
  2755 | D:4      | Reached *** piety under Trog
  2755 | D:4      | Reached skill level 5 in Fighting
  2755 | D:4      | Reached skill level 6 in Long Blades
  3012 | D:4      | Reached XP level 7. HP: 58/61 MP: 6/6
  3359 | D:5      | Entered Level 5 of the Dungeon
  3568 | D:5      | Found a sacrificial altar of Ru.
  3630 | D:5      | Found a staircase to the Ecumenical Temple.
  3725 | D:5      | Reached skill level 7 in Long Blades
  3861 | D:5      | Found a shimmering altar of Xom.
  3940 | D:5      | Found an opulent altar of Gozag.
  3949 | D:5      | Found a hide-covered altar of Uskayaw.
  4069 | D:5      | Found a stormy altar of Qazlal.
  4156 | D:5      | Found a bloodstained altar of Trog.
  4197 | D:5      | Found a shattered altar of Ashenzari.
  4262 | D:5      | Reached skill level 1 in Throwing
  4313 | D:6      | HP: 2/61 [worm (3)]
  4314 | D:6      | Slain by a sky beast

Vault maps used:
D:1:      dpeg_arrival_short_road, st_stairs_11
D:2:      grunt_temple_overflow_order_and_chaos_2, first_bread,
          chequers_ecumenical_altar_simple_redux
D:4:      minmay_crossroads, uniq_eustachio
D:5:      nicolae_overflow_crystal_walls, bloody_trog, kennysheep_little_box,
          minmay_overflow_temple_star_quad, overflow_temple_1_default,
          minmay_temple_entry_junction
D:6:      serial_column_ruins, column_ruins_temple_hall,
          column_ruins_open_small, column_ruins_grid_1,
          column_ruins_columns_dead_end, column_ruins_grid_3, uniq_edmund

Skill      XL: |  1  2  3  4  5  6  7 |
---------------+----------------------+-----
Long Blades    | 4 5 6 7 |  7.2
Fighting       | 4 5 |  5.5
Armour         | 3 4 |  4.8
Shields        | 1 2 3 |  3.5
Dodging        | 3 4 |  4.4
Throwing       | 1 |  1.0

Action                   |  1- 3 |  4- 6 |  7- 9 || total
-------------------------+-------+-------+-------++-------
Melee: Falchion          |    67 |   102 |    72 ||   241
       Headbutt          |    10 |    33 |    23 ||    66
Invok: Berserk           |       |     2 |       ||     2
  Use: Scroll            |       |     3 |       ||     3
       Potion            |       |       |     1 ||     1
  Eat: Chunk             |       |     8 |     3 ||    11
Armor: Animal skin       |     5 |       |       ||     5
       Leather armour    |    11 |    15 |    19 ||    45
Dodge: Dodged            |    53 |    62 |    35 ||   150
Block: Buckler           |     9 |    31 |    29 ||    69
       Reflection        |       |     1 |       ||     1
       Rpst.: Falchion   |    19 |    17 |    13 ||    49

Table legend:
 A = Spawn XP
 B = Non-spawn XP
 C = Spawn XP percentage of total XP
 D = Spawn monster count
 E = Non-spawn monster count
 F = Spawn count percentage of total count
 G = Total turns spent on level
                    A         B        C        D         E        F      G
               +---------+---------+-------+---------+---------+-------+---------
         Total |       0 |    1236 |   0.0 |       0 |     104 |   0.0 |  4314
               +---------+---------+-------+---------+---------+-------+---------
           D:1 |       0 |      35 |   0.0 |       0 |      18 |   0.0 |   828
           D:2 |       0 |      69 |   0.0 |       0 |      20 |   0.0 |   740
           D:3 |       0 |     138 |   0.0 |       0 |      29 |   0.0 |   764
           D:4 |       0 |     597 |   0.0 |       0 |      19 |   0.0 |  1027
           D:5 |       0 |     391 |   0.0 |       0 |      15 |   0.0 |   926
           D:6 |       0 |       6 |   0.0 |       0 |       3 |   0.0 |    29
               +---------+---------+-------+---------+---------+-------+---------
